 Dungeon Crawl Stone Soup version 0.31.0-11-ge490571c62 (webtiles) character file.

Game seed: 17469812425367638762

32 qw the Shooter (level 3, -2/18 HPs)
             Began as a Spriggan Hunter on Feb 4, 2024.
             Killed from afar by Sigmund (8 damage)
             ... with a puff of flame
             ... on level 2 of the Dungeon.
             The game lasted 00:00:15 (895 turns).

qw the Shooter (Spriggan Hunter)                     Turns: 895, Time: 00:00:16

Health: -2/18      AC:  2    Str:  7    XL:     3   Next: 10%
Magic:  4/4        EV: 19    Int: 10    God:
Gold:   27         SH:  0    Dex: 20    Spells: 2/2 levels left

rFire   . . .        a - +1 shortbow
rCold   . . .        (shield currently unavailable)
rNeg    . . .        c - +0 robe
rPois   .            (helmet restricted)
rElec   .            (no cloak)
rCorr   .            (gloves unavailable)
SInv    +            (boots unavailable)
Will    .....        (no amulet)
Stlth   ++           (no ring)
HPRegen 0.23/turn    (no ring)
MPRegen 0.09/turn

%: no passive effects
@: very quick
A: very small, no large weapons, unfitting armour, see invisible, speed 3
a: no special abilities


You were on level 2 of the Dungeon.
You visited 1 branch of the dungeon, and saw 2 of its levels.

You collected 27 gold pieces.


Innate Abilities, Weirdness & Mutations

You are very small and have problems with some larger weapons.
You are too small for most types of armour.
You have supernaturally acute eyesight. (SInv)
You cover ground extremely quickly. (Speed+++)


   Skills:
 - Level 1.5 Fighting
 + Level 4.5 Ranged Weapons
 - Level 4.0 Dodging
 - Level 1.5 Stealth


You had 2 spell levels left.
You didn't know any spells.
Your spell library was empty.

Inventory:

Hand Weapons
 a - a +1 shortbow (weapon)
Armour
 c - a +0 robe (worn)
Scrolls
 b - a scroll of amnesia {unknown}
Potions
 d - a potion of invisibility {unknown}
 h - a potion of brilliance {unknown}

Dungeon Overview and Level Annotations

Branches:
Dungeon (2/15)

Altars:

Shops:
D:1 ?

Annotations:
D:2 Sigmund


Message History

d - a viscous brown potion
Things that are here:
a +0 club; a goblin corpse
Found a morningstar.
You see here a +1 short sword of protection.
You see here a +0 morningstar.
You now have enough gold to buy a scroll of identify on D:1.
You can access your shopping list by pressing '$'.
You now have 27 gold pieces (gained 7).
A rat comes into view.
Found a stone staircase leading down.
You shoot an arrow. The arrow hits the rat!
You kill the rat!
Found a stone staircase leading down.
Found a stone.
There is a stone staircase leading down here.
An endoplasm comes into view.
You see here a stone.
You shoot an arrow. The arrow hits the endoplasm!
You kill the endoplasm!
You hear a shout!
Found 5 atropa-tipped darts.
Sigmund the Dreaded comes into view.
He is wielding a +2 heavy scythe.
Found 11 gold pieces.
You shoot an arrow. The arrow hits Sigmund.
Sigmund is lightly wounded.
You shoot an arrow. The arrow hits Sigmund.
Sigmund is lightly wounded.
Sigmund casts a spell at you. The magic dart hits you.
You shoot an arrow. The arrow hits Sigmund.
Sigmund is moderately wounded.
Sigmund hits you from afar with a +2 heavy scythe!
You shoot an arrow. The arrow hits Sigmund.
Sigmund is heavily wounded.
You shoot an arrow. The arrow barely misses Sigmund.
Sigmund casts a spell at you. The puff of flame hits you!
You die...
Sigmund begins carving another notch in his scythe.

#. #. #. #.# ##
#(. .# #####..
.#####
$....$.##@.....
#####.@.########
.........(.....>#
..######.######.#
.... #.# .....#.
#.# #....##.# #.#
...... # #.#
##.... #.# #....
#.#


You could see Sigmund.

Vanquished Creatures
  A dart slug (D:1)
  2 bats (D:1)
  3 endoplasms
  5 goblins
  3 hobgoblins (D:1)
  A quokka (D:1)
  4 ball pythons
  A frilled lizard (D:1)
  5 kobolds
  2 rats
27 creatures vanquished.

Notes
Turn   | Place    | Note
-------+----------+-------------------------------------------
     0 | D:1      | qw the Spriggan Hunter began the quest for the Orb.
     0 | D:1      | Reached XP level 1. HP: 10/10 MP: 2/2
     0 | D:1      | 0 ||| qw: Version: 0.3-a-160-g6735b56
     0 | D:1      | 0 ||| qw: Game counter: 5752
     0 | D:1      | 0 ||| qw: Melee chars always use a shield: true
     0 | D:1      | 0 ||| qw: God list: Okawaru
     0 | D:1      | 0 ||| qw: Allow faded altars: false
     0 | D:1      | 0 ||| qw: Do Orc after clearing Dungeon:15 true
     0 | D:1      | 0 ||| qw: Do second Lair branch before Depths: true
     0 | D:1      | 0 ||| qw: Lair rune preference: random
     0 | D:1      | 0 ||| qw: Goals: Normal
     0 | D:1      | 0 ||| PLANNING D:1-11
    36 | D:1      | Reached skill level 3 in Dodging
   120 | D:1      | Reached XP level 2. HP: 14/14 MP: 3/3
   654 | D:1      | Found Fuwah's Magic Scroll Shop.
   662 | D:1      | 662 ||| SHOPLISTING 2 scrolls of identify (44 gold, have
                  | 20).
   662 | D:1      | 662 ||| SHOPLISTING scroll of brand weapon (104 gold, have
                  | 20).
   662 | D:1      | 662 ||| SHOPLISTING scroll of identify (22 gold, have 20).
   722 | D:1      | 722 ||| READING scroll labelled WAOTZY TIANUSCH.
   722 | D:1      | 722 ||| IDENTIFYING murky emerald potion
   723 | D:1      | 723 ||| READING scroll labelled ILILANK NINUSCH.
   724 | D:1      | 724 ||| READING scroll labelled UREAKE VEGREOF.
   724 | D:1      | 724 ||| ENCHANTING +0 shortbow.
   725 | D:1      | 725 ||| DROPPING scroll of butterflies.
   726 | D:1      | 726 ||| DROPPING potion of degeneration.
   776 | D:2      | Reached XP level 3. HP: 18/18 MP: 4/4
   890 | D:2      | Noticed Sigmund
   895 | D:2      | Killed from afar by Sigmund

Levels and vault maps discovered:
D:1:      roderic_crossed_star, layout_basic, serial_shops, shop,
          nicolae_concentric_dashed_squares_wild, hangedman_decor_lopped
D:2:      minmay_alternating_diamond, layout_basic, uniq_sigmund

Skill      XL: |  1  2 |
---------------+-------+-----
Dodging        | 3 4 |  4.0
Fighting       | |  1.5
Ranged Weapons | |  4.5
Stealth        | |  1.5

Action                     || total
---------------------------++-------
   Fire: Shortbow          ||    58
    Use: Scroll            ||     3
 Armour: Robe              ||     6
  Dodge: Dodged            ||    14

Table legend:
 A = Non-vault XP
 B = Vault XP
 C = Vault XP percentage of total XP
 D = Non-vault monster count
 E = Vault monster count
 F = Vault count percentage of total count
                 A         B        C        D         E       F
            +---------+---------+-------+---------+---------+-------
      Total |      43 |       4 |   8.5 |      24 |       3 |  11.1
            +---------+---------+-------+---------+---------+-------
        D:1 |      36 |       0 |   0.0 |      20 |       0 |   0.0
        D:2 |       7 |       4 |  36.4 |       4 |       3 |  42.9
            +---------+---------+-------+---------+---------+-------
